 Dungeon Crawl Stone Soup version 0.27.1-34-g3ba077fa99 (webtiles) character file.

Game seed: 9201400382717637345

45031 boopmooplesden the Carver (level 13, -2/119 HPs)
             Began as a Minotaur Fighter on Jan 2, 2022.
             Was a High Priest of Okawaru.
             Killed from afar by a rime drake (12 damage)
             ... with a flash freeze
             ... on level 5 of the Lair of Beasts.
             The game lasted 00:34:25 (21012 turns).

boopmooplesden the Carver (Minotaur Fighter)       Turns: 21012, Time: 00:34:26

Health: -2/119     AC: 25    Str: 27    XL:     13   Next: 99%
Magic:  13/13      EV:  7    Int:  6    God:    Okawaru [*****.]
Gold:   415        SH: 19    Dex: 12    Spells: 12/12 levels left

rFire    + + +     SeeInvis .   j - +2 morningstar of Seamy {venom, rCorr Str+4}
rCold    + + +     Faith    .   c - +5 kite shield
rNeg     . . .     Spirit   .   a - +2 gold dragon scales
rPois    +         Reflect  .   b - +1 hat
rElec    .         Harm     .   V - scarf {rC+ rF+}
rCorr    +         Rampage  .   f - +1 pair of gloves
Will     .....                  (no boots)
Stlth    ..........             s - amulet of regeneration
HPRegen  1.29/turn              o - ring of protection from cold
MPRegen  0.13/turn              l - ring of protection from fire

@: studying Ice Magic
A: horns 2, retaliatory headbutt
a: Renounce Religion, Heroism, Finesse


You were on level 5 of the Lair of Beasts.
You worshipped Okawaru.
Okawaru was extremely pleased with you.
You visited 3 branches of the dungeon, and saw 18 of its levels.
You also visited: Ossuary and Ice Cave.

You collected 1519 gold pieces.
You spent 1104 gold pieces at shops.

Inventory:

Hand Weapons
 j - the +2 morningstar of Seamy (weapon) {venom, rCorr Str+4}
   (Okawaru gifted it to you on level 2 of the Lair of Beasts)

   It poisons the flesh of those it strikes.
   Str:       It affects your strength (+4).
   rCorr:     It protects you from acid and corrosion.
 k - the +5 long sword "Wezig" {venom, rC+ Str+2}
   (You found it on level 11 of the Dungeon)

   It poisons the flesh of those it strikes.
   Str:       It affects your strength (+2).
   rC:        It protects you from cold.
 H - the +6 short sword "Itepevve" {vamp, rF+ Will++ Str-5 Dex+3}
   (You took it off a centaur warrior on level 10 of the Dungeon)

   It occasionally heals its wielder for a portion of the damage dealt when it
   wounds a living foe.
   Str:       It affects your strength (-5).
   Dex:       It affects your dexterity (+3).
   rF:        It protects you from fire.
   Will:      It greatly increases your willpower.
Missiles
 u - 6 throwing nets
 Q - 6 silver javelins
 R - 5 silver boomerangs
 S - 8 javelins (quivered)
Armour
 a - +2 gold dragon scales (worn)
 b - a +1 hat (worn)
 c - a +5 kite shield (worn)
 f - a +1 pair of gloves (worn)
 i - a scarf of invisibility
 V - a scarf of resistance (worn)
 Z - a +2 tower shield of cold resistance
Jewellery
 h - an amulet of faith
 l - a ring of protection from fire (right hand)
 m - a ring of protection from fire
 n - a ring of flight
 o - a ring of protection from cold (left hand)
 s - an amulet of regeneration (around neck)
 x - a ring of fire
 C - a ring of positive energy
Wands
 d - a wand of flame (48)
 y - a wand of acid (8)
 z - a wand of iceblast (26)
 I - a wand of digging (6)
 L - a wand of polymorph (23)
Scrolls
 e - a scroll of enchant weapon
 g - 5 scrolls of amnesia
 B - 7 scrolls of teleportation
 D - 3 scrolls of fear
 G - 2 scrolls of magic mapping
 P - 2 scrolls of summoning
 T - 4 scrolls of identify
Potions
 p - 2 potions of cancellation
 q - 2 potions of flight
 r - 2 potions of curing
 t - 5 potions of attraction
 v - 4 potions of resistance
 w - 5 potions of invisibility
 A - 6 potions of lignification
 E - 2 potions of degeneration {unknown}
 F - 2 potions of brilliance {unknown}
 J - 3 potions of heal wounds {unknown}
 K - 2 potions of magic
 N - 2 potions of ambrosia
 O - a potion of might
 U - a potion of berserk rage
Miscellaneous
 M - a phantom mirror


   Skills:
 + Level 12.6 Fighting
 + Level 2.6(9.6) Short Blades
 + Level 14.9(15.0) Long Blades
 + Level 2.0 Maces & Flails
 + Level 2.4 Throwing
 + Level 13.6 Armour
 + Level 4.7 Dodging
 + Level 2.4 Stealth
 + Level 14.6 Shields
 + Level 1.7 Invocations
 + Level 0.7 Evocations


You had 12 spell levels left.
You didn't know any spells.
Your spell library contained the following spells:

 Spells                   Type           Power      Damage    Failure   Level
 Sandblast                Erth           0%         2d4       100%        1
 Summon Small Mammal      Summ           0%         N/A       100%        1
 Call Canine Familiar     Summ           0%         N/A       100%        3
 Conjure Flame            Conj/Fire      0%         6-21      100%        3
 Ignite Poison            Fire/Tmut/Pois 0%         N/A       100%        3
 Portal Projectile        Hex/Tloc       0%         N/A       100%        3
 Stone Arrow              Conj/Erth      0%         3d7       100%        3
 Summon Guardian Golem    Hex/Summ       0%         N/A       100%        3
 Airstrike                Air            0%         N/A       100%        4
 Animate Armour           Summ/Erth      0%         N/A       100%        4
 Leda's Liquefaction      Hex/Erth       0%         N/A       100%        4
 Sticky Flame             Conj/Fire      0%         2d3       100%        4
 Summon Lightning Spire   Summ/Air       0%         N/A       100%        4
 Alistair's Intoxication  Tmut/Pois      0%         N/A       100%        5
 Bolt of Magma            Conj/Fire/Erth 0%         4d4       100%        5
 Borgnjor's Vile Clutch   Necr/Erth      0%         N/A       100%        5
 Lightning Bolt           Conj/Air       0%         1d11      100%        5
 Eringya's Noxious Bog    Tmut/Pois      0%         N/A       100%        6
 Lehudib's Crystal Spear  Conj/Erth      0%         10d2      100%        8
 Shatter                  Erth           0%         3d5*      100%        9


Dungeon Overview and Level Annotations

Branches:
Dungeon (12/15)            Temple (1/1) D:4            Lair (5/6) D:11
  Swamp (0/4) Lair:3       Spider (0/4) Lair:3          Orc (0/2) D:12
Ossuary (visited)           IceCv (visited)
  Slime: Lair:5-6

Altars:
Ashenzari
Cheibriados
Fedhas
Gozag
Hepliaklqana
Kikubaaqudgha
Makhleb
Nemelex Xobeh
Okawaru
Sif Muna
Trog
Uskayaw
Vehumet
Xom
Zin

Shops:
D:6 *   D:11 (

Annotations:
D:10 Fannar


Innate Abilities, Weirdness & Mutations

You have a pair of horns on your head.
You reflexively headbutt those who attack you in melee.


Message History

You are engulfed in calcifying dust.
The cane toad stings you. The catoblepas gores you!
The cane toad stings you but does no damage.
You are engulfed in calcifying dust.
The catoblepas breathes a plume of calcifying dust at you.
The blast of calcifying dust hits you but does no damage.
The cane toad stings you but does no damage.
You are engulfed in calcifying dust.
The cane toad stings you.
The catoblepas gores you but does no damage.
You are engulfed in calcifying dust.
The cane toad stings you! The catoblepas gores you.
You are engulfed in calcifying dust.
The cane toad stings you but does no damage.
The catoblepas gores you but does no damage.
You are engulfed in calcifying dust.
The catoblepas looks more healthy.
The cane toad stings you but does no damage.
The catoblepas gores you!!
* * * LOW HITPOINT WARNING * * *
The cane toad stings you but does no damage.
The catoblepas gores you.
* * * LOW HITPOINT WARNING * * *
The cane toad stings you. The cane toad stings you!
* * * LOW HITPOINT WARNING * * *
The catoblepas gores you!
* * * LOW HITPOINT WARNING * * *
You turn to flesh and can move again.
Unknown command.
As you read the scroll of teleportation, it crumbles to dust.
You feel strangely unstable. You block the cane toad's attack.
The catoblepas breathes a plume of calcifying dust at you.
The blast of calcifying dust hits you but does no damage.
The cane toad stings you!
* * * LOW HITPOINT WARNING * * *
Your surroundings suddenly seem different.
A rime drake comes into view.
The rime drake hisses angrily.
The rime drake breathes ice at you. The flash freeze hits you!
You partially resist.
You die...

........ ##......P
#....+..## .....####
.P.P# .P### ..#(#### ###
.....#.## # ##.###
......#.## .# #.@.P#
........P#..............
......P.P.<.............
......#P................
.........#....k.........
.(....##.###.##P..P..###
...<.#.### ## ##.#####
.#.#.### ### ##..##


You could see a rime drake (catching breath).

Vanquished Creatures
  Gastronok (Lair:3)
  A frost giant (IceCv)
  Harold (D:10)
  A boulder beetle (Lair:2)
  4 hydras
  A catoblepas (Lair:2)
  A centaur warrior (D:10)
  2 two-headed ogres
  4 death yaks (IceCv)
  Pikel (D:6)
  The ghost of KittyFluff the Basher, a novice GrBe of Trog (D:7)
  An ugly thing (D:12)
  2 cyclopes
  A centaur zombie (D:10)
  Maurice (D:12)
  5 black mambas
  A gargoyle (D:10)
  6 elephants
  An ice statue (IceCv)
  10 cane toads
  3 rime drakes (Lair:2)
  An unseen horror (D:12)
  7 komodo dragons
  2 trolls (D:9)
  16 polar bears
  A hornet (Lair:4)
  6 dream sheep (Lair:2)
  9 blink frogs
  6 slime creatures
  2 shadows (D:11)
  5 basilisks
  A wraith (D:10)
  18 yaks
  5 wyverns
  A steam dragon (D:7)
  3 vampire mosquitoes (D:12)
  Menkaure (D:4)
  7 water moccasins
  3 orc warriors
  A sky beast (D:7)
  An ice beast (D:4)
  2 black bears (Lair:3)
  4 ogres
  11 centaurs
  20 wolves (IceCv)
  12 bullfrogs
  A wyvern zombie (D:5)
  2 scorpions
  A water moccasin zombie (D:6)
  4 water moccasin skeletons
  5 killer bees (D:10)
  3 howler monkeys
  9 wights
  7 electric eels
  3 hounds
  A jelly (D:7)
  A gnoll shaman (D:10)
  A bullfrog zombie (D:6)
  4 orc priests
  4 centaur skeletons
  3 iguanas
  7 orc wizards
  9 hell rats
  A hound zombie (D:5)
  8 mummies (Ossuary)
  A howler monkey zombie (D:8)
  7 gnolls
  13 adders
  A shadow imp (D:7)
  2 ufetubi
  2 worms
  6 dart slugs
  25 orcs
  4 endoplasms
  3 giant cockroaches
  3 gnoll zombies (Ossuary)
  7 goblins
  9 hobgoblins
  4 jackals (D:4)
  3 quokkas
  10 ball pythons
  8 bats
  2 frilled lizards
  2 hobgoblin zombies (Ossuary)
  11 kobolds
  3 orc zombies (Ossuary)
  A quokka skeleton (D:4)
  10 rats
405 creatures vanquished.

Vanquished Creatures (others)
  20 fungi
  60 plants
80 creatures vanquished.

Grand Total: 485 creatures vanquished

Notes
Turn   | Place    | Note
-------+----------+-------------------------------------------
     0 | D:1      | boopmooplesden the Minotaur Fighter began the quest for the
                  | Orb.
     0 | D:1      | Reached XP level 1. HP: 19/19 MP: 0/0
   181 | D:1      | Found a faded altar of an unknown god.
   216 | D:1      | Reached XP level 2. HP: 27/27 MP: 1/1
   530 | D:1      | Reached XP level 3. HP: 32/33 MP: 2/2
  1424 | D:2      | Reached XP level 4. HP: 38/40 MP: 3/3
  2852 | D:4      | Noticed a two-headed ogre
  2875 | D:3      | Noticed an ogre
  2938 | D:4      | Noticed an ogre
  2954 | D:4      | Reached XP level 5. HP: 45/47 MP: 4/4
  2972 | D:4      | Killed an ogre
  2973 | D:4      | Reached skill level 1 in Dodging
  2973 | D:4      | Reached skill level 5 in Shields
  2973 | D:4      | Reached XP level 6. HP: 26/53 MP: 5/5
  3013 | D:4      | Noticed Menkaure
  3029 | D:4      | Found a burning altar of Makhleb.
  3042 | D:4      | Reached skill level 5 in Armour
  3371 | D:4      | Killed Menkaure
  3372 | D:4      | Reached skill level 5 in Long Blades
  4169 | D:4      | Noticed an ice beast
  4185 | D:4      | Killed an ice beast
  4186 | D:4      | Reached skill level 5 in Fighting
  4186 | D:4      | Reached XP level 7. HP: 21/61 MP: 6/6
  4414 | D:4      | Found a staircase to the Ecumenical Temple.
  4420 | Temple   | Entered the Ecumenical Temple
  4441 | Temple   | Became a worshipper of Warmaster Okawaru
  4795 | D:5      | Entered Level 5 of the Dungeon
  5288 | D:5      | Reached XP level 8. HP: 36/68 MP: 7/7
  5445 | D:5      | Reached * piety under Okawaru
  5861 | D:6      | Noticed Pikel
  5890 | D:6      | Killed Pikel
  5936 | D:6      | Found a sand-covered staircase.
  5945 | Ossuary  | Entered an ossuary
  6177 | D:6      | Reached XP level 9. HP: 75/75 MP: 8/8
  6263 | D:6      | Found Toemul's General Store.
  6889 | D:7      | Noticed KittyFluff's ghost (novice GrBe)
  6889 | D:7      | Found a runed translucent door.
  6909 | D:7      | Killed KittyFluff's ghost
  6909 | D:7      | Reached ** piety under Okawaru
  7771 | D:7      | Reached skill level 10 in Long Blades
  8269 | D:8      | Found an opulent altar of Gozag.
  8387 | D:9      | Noticed a two-headed ogre
  8399 | D:9      | Killed a two-headed ogre
  8399 | D:9      | Reached *** piety under Okawaru
  8400 | D:9      | Reached skill level 1 in Throwing
  8400 | D:9      | Reached XP level 10. HP: 86/86 MP: 9/9
  8623 | D:9      | Found a sparkling altar of Nemelex Xobeh.
  8824 | D:9      | Reached **** piety under Okawaru
  9616 | D:10     | Entered Level 10 of the Dungeon
  9843 | D:10     | Identified the +6 short sword "Itepevve" {vamp, rF+ Will++
                  | Str-5 Dex+3}
  9843 | D:10     | Noticed a centaur warrior
  9858 | D:10     | Killed a centaur warrior
  9859 | D:10     | Reached skill level 1 in Stealth
 10140 | D:10     | Noticed Harold
 10150 | D:10     | Noticed a gargoyle
 10199 | D:10     | Killed a gargoyle
 10200 | D:10     | Reached skill level 10 in Shields
 10200 | D:10     | Reached skill level 1 in Invocations
 10203 | D:10     | Killed Harold
 10203 | D:10     | Reached ***** piety under Okawaru
 10234 | D:10     | Reached XP level 11. HP: 9/95 MP: 7/10
 10643 | D:10     | Reached skill level 10 in Armour
 10758 | D:10     | Found a shimmering altar of Xom.
 11838 | D:11     | Noticed Fannar
 12243 | D:11     | Identified the +5 long sword "Wezig" {venom, rC+ Str+2}
 12309 | D:11     | Noticed a seven-headed hydra
 12330 | D:11     | Killed a seven-headed hydra
 12336 | D:11     | HP: 3/97 [cyclops (25)]
 12339 | D:11     | Found a staircase to the Lair.
 12696 | D:11     | Reached skill level 1 in Short Blades
 12927 | D:11     | Found Oreleruh's Weapon Emporium.
 13029 | D:11     | Got the Incunabulum of Clay
 13783 | D:12     | Noticed a two-headed ogre
 13791 | D:12     | Killed a two-headed ogre
 13791 | D:12     | Received a gift from Okawaru
 14014 | D:12     | Noticed a purple ugly thing
 14023 | D:12     | Killed a purple ugly thing
 14030 | D:12     | Reached ****** piety under Okawaru
 14220 | D:12     | Noticed Maurice
 14232 | D:12     | Killed Maurice
 14302 | D:12     | Received a gift from Okawaru
 14431 | D:12     | Found a staircase to the Orcish Mines.
 14494 | Lair:1   | Entered Level 1 of the Lair of Beasts
 14500 | Lair:1   | Reached XP level 12. HP: 106/106 MP: 12/12
 14550 | Lair:1   | Received a gift from Okawaru
 14551 | Lair:1   | Reached skill level 10 in Fighting
 15710 | Lair:2   | Identified the +2 morningstar of Seamy {venom, rCorr Str+4}
                  | (Okawaru gifted it to you on level 2 of the Lair of Beasts)
 15710 | Lair:2   | Received a gift from Okawaru
 15834 | Lair:2   | Found a frozen archway.
 15843 | IceCv    | Entered an ice cave
 16182 | IceCv    | Noticed a death yak
 16182 | IceCv    | Noticed a death yak
 16183 | IceCv    | Noticed a death yak
 16198 | IceCv    | Killed a death yak
 16203 | IceCv    | Killed a death yak
 16210 | IceCv    | Killed a death yak
 16508 | IceCv    | Received a gift from Okawaru
 16552 | IceCv    | Noticed a death yak
 16569 | IceCv    | Killed a death yak
 16910 | IceCv    | Noticed a frost giant
 16930 | IceCv    | Killed a frost giant
 16931 | IceCv    | Reached XP level 13. HP: 57/116 MP: 11/13
 17576 | D:6      | Bought +2 gold dragon scales for 1104 gold pieces
 18615 | Lair:2   | Reached skill level 1 in Maces & Flails
 18811 | Lair:2   | Received a gift from Okawaru
 19130 | Lair:3   | Noticed Gastronok
 19140 | Lair:3   | Killed Gastronok
 19193 | Lair:3   | Found a staircase to the Swamp.
 19460 | Lair:3   | Found a hole to the Spider Nest.
 21012 | Lair:5   | Killed from afar by a rime drake

Illustrated notes

Levels and vault maps discovered:
D:1:      enne_arrival_octagon_isle, layout_basic,
          shapermc_ecumenical_altar_mp_ritualfount, minmay_indecisive_spiral
D:2:      layout_basic
D:3:      layout_basic, minmay_pentomino_pile
D:4:      layout_loops_ring, amcnicky_altar_gilded,
          minmay_temple_entry_nine_rooms, uniq_menkaure
D:5:      layout_gridville, minmay_misc_feat_alley
D:6:      layout_basic, nicolae_ossuary_entry_ruins, serial_shops,
          nicolae_shop_waterfront, uniq_pikel
D:7:      layout_loops_ring, gammafunk_ghost_grave
D:8:      layout_gridville, nicolae_gozag_cash_rules_everything_around_me
D:9:      layout_basic, nemelex_spade_bored_becter
D:10:     layout_basic, mainiacjoe_overflow_chevrons, uniq_harold
D:11:     layout_rooms, minmay_lair_entry_grove, serial_shops, shop, uniq_fannar
D:12:     layout_gridville, orc_0_dummy, uniq_maurice
Temple:   eino_narrow_crystal_temple
Lair:1:   wander_river, layout_regular_city, cheibrodos_lair_reptile_den,
          serial_bayou_shore_a
Lair:2:   nzn_winding_woodlands_medium [nzn_winding_woodlands_5x5_open_star,
          nzn_winding_woodlands_5x15_twine, nzn_winding_woodlands_hourglass,
          nzn_winding_woodlands_5x5_cross,
          nzn_winding_woodlands_center_triple_pond,
          nzn_winding_woodlands_5x5_checkerboard,
          nzn_winding_woodlands_5x5_closed_star,
          nzn_winding_woodlands_5x15_longhouse,
          nzn_winding_woodlands_5x5_three], layout_gridlike,
          portal_ice_cave_rime
Lair:3:   layout_cave_pods, swamp_mist, dummy_spider_entry, st_stairs_9,
          uniq_gastronok
Lair:4:   minmay_lair_venomous_thicket, layout_cave_shapes
Lair:5:   layout_roguey, slime_dummy, grunt_megastairs_2

Skill      XL: |  1  2  3  4  5  6  7  8  9 10 11 12 13 |
---------------+----------------------------------------+-----
Fighting       | 4 5 7 8 9 11 12 | 12.6
Armour         | 4 5 6 7 8 9 11 12 13 | 13.6
Shields        | 4 5 6 7 8 10 11 12 14 | 14.6
Long Blades    | 3 4 5 6 8 10 11 12 14 | 14.9
Dodging        | 1 2 3 4 |  4.7
Throwing       | 1 2 |  2.4
Stealth        | 1 2 |  2.4
Invocations    | 1 |  1.7
Short Blades   | 2 |  2.6
Maces & Flails | 2 |  2.0
Evocations     | |  0.7

Action                   |  1- 3 |  4- 6 |  7- 9 | 10-12 | 13-15 || total
-------------------------+-------+-------+-------+-------+-------++-------
Melee: Long sword        |    88 |   155 |   311 |   610 |   334 ||  1498
       Headbutt          |    15 |    24 |    80 |   176 |   101 ||   396
       Short sword       |       |       |       |    20 |       ||    20
       Morningstar       |       |       |       |       |    16 ||    16
Throw: Dart              |       |       |    12 |     9 |       ||    21
       Javelin           |       |       |       |     2 |       ||     2
Invok: Heroism           |       |       |     4 |    14 |     2 ||    20
Evoke: Wand              |       |       |     2 |    10 |       ||    12
  Use: Scroll            |       |     9 |     7 |    11 |     5 ||    32
       Potion            |       |     2 |     1 |     3 |       ||     6
 Stab: Petrified         |       |       |       |       |     4 ||     4
Armor: Scale mail        |    53 |    70 |       |       |       ||   123
       Chain mail        |       |    17 |   120 |   195 |    16 ||   348
       Gold dragon scale |       |       |       |       |   158 ||   158
Dodge: Dodged            |    36 |    57 |    65 |   129 |    78 ||   365
Block: Kite shield       |    64 |   105 |   199 |   471 |   321 ||  1160
       Rpst.: Long sword |    13 |    12 |    18 |    23 |    17 ||    83
